 Dungeon Crawl Stone Soup version 0.26.1-11-gd32895ea62 (webtiles) character file.

Game seed: 7373973343946488256

9181 jlumianski the Thaumaturge (level 11, -7/86 HPs)
             Began as a Gnoll Warper on July 19, 2021.
             Was a Priest of Qazlal.
             Mangled by a two-headed ogre
             ... wielding a +0 giant spiked club
              (20 damage)
             ... on level 8 of the Dungeon.
             The game lasted 00:57:50 (12208 turns).

jlumianski the Thaumaturge (Gnoll Warper)          Turns: 12208, Time: 00:57:50

Health: -7/86      AC:  9    Str: 14    XL:     11   Next: 42%
Magic:  22/23      EV: 15    Int: 18    God:    Qazlal [***...]
Gold:   475        SH:  4    Dex: 15    Spells: 19/26 levels left

rFire    + . .     SeeInvis .   L - +0 battleaxe
rCold    + . .     Faith    .   (shield currently unavailable)
rNeg     + . .     Spirit   .   N - +0 ring mail
rPois    .         Reflect  .   l - +1 helmet
rElec    .         Harm     .   b - scarf {rC+ rF+}
rCorr    .         Rampage  .   C - +2 pair of gloves
Will     +....                  (no boots)
Stlth    ++........             (no amulet)
HPRegen  0.24/turn              B - ring of positive energy
MPRegen  0.18/turn              M - ring of willpower

@: no status effects
A: distributed training, fangs 1, hooves 1, deformed body, wild magic 1, strong
nose
a: Renounce Religion, Upheaval, Elemental Force


You were on level 8 of the Dungeon.
You worshipped Qazlal.
Qazlal was most pleased with you.
You visited 1 branch of the dungeon, and saw 9 of its levels.

You collected 475 gold pieces.

Inventory:

Hand Weapons
 K - a +3 long sword of flaming
 L - a +0 battleaxe (weapon)
 T - a +0 fustibalus
Missiles
 c - 6 boomerangs (quivered)
 d - 17 poisoned darts
 e - 5 boomerangs of dispersal
 n - 2 throwing nets
 y - 125 sling bullets
 O - 9 curare-tipped darts
 Q - 5 silver boomerangs
 S - 36 bolts
Armour
 a - a cursed +0 buckler
 b - a scarf of resistance (worn)
 l - a +1 helmet (worn)
 C - a +2 pair of gloves (worn)
 H - a +2 cloak
 N - a +0 ring mail (worn)
Jewellery
 i - an uncursed amulet of faith
 B - a ring of positive energy (left hand)
 F - an uncursed ring of protection from fire
 M - a ring of willpower (right hand)
 W - a cursed -4 ring of intelligence
Wands
 u - a wand of flame (11)
 x - a wand of random effects (10)
 U - a wand of paralysis (11)
Scrolls
 r - 3 scrolls of blinking
 z - 2 scrolls of magic mapping
 D - 3 scrolls of teleportation
 E - 5 scrolls of identify
 P - 2 scrolls of fear
Potions
 f - a potion of flight
 j - a potion of cancellation
 m - 2 potions of heal wounds
 p - 2 potions of curing
 G - a potion of resistance


   Skills:
 + Level 7.9 Fighting
 + Level 6.3 Short Blades
 + Level 6.3 Long Blades
 + Level 7.9 Axes
 + Level 6.3 Maces & Flails
 + Level 6.3 Polearms
 + Level 6.3 Staves
 + Level 6.3 Slings
 + Level 6.3 Bows
 + Level 6.3 Crossbows
 + Level 6.8 Throwing
 + Level 6.8 Armour
 + Level 7.9 Dodging
 + Level 6.3 Stealth
 + Level 6.3 Shields
 + Level 6.3 Unarmed Combat
 + Level 8.1 Spellcasting
 + Level 5.2 Conjurations
 + Level 5.2 Hexes
 + Level 5.2 Summonings
 + Level 5.2 Necromancy
 + Level 7.6 Translocations
 + Level 5.2 Transmutations
 + Level 5.2 Fire Magic
 + Level 5.2 Ice Magic
 + Level 5.2 Air Magic
 + Level 5.2 Earth Magic
 + Level 5.2 Poison Magic
 + Level 6.9 Invocations
 + Level 6.3 Evocations


You had 19 spell levels left.
You knew the following spells:

 Your Spells              Type           Power        Failure   Level
a - Blink                 Tloc           N/A          2%          2
b - Gell's Gravitas       Tloc           22%          4%          3
c - Call Imp              Summ           33%          5%          2

Your spell library contained the following spells:

 Spells                   Type           Power        Failure   Level
 Magic Dart               Conj           100%         3%          1
 Lesser Beckoning         Tloc           22%          4%          3
 Teleport Other           Tloc           45%          4%          3
 Corpse Rot               Necr/Air       N/A          5%          2
 Searing Ray              Conj           66%          5%          2
 Slow                     Hex            33%          5%          2
 Conjure Flame            Conj/Fire      33%          10%         3
 Dazzling Flash           Conj/Hex       66%          10%         3
 Mephitic Cloud           Conj/Pois/Air  33%          10%         3
 Passage of Golubria      Tloc           N/A          12%         4
 Iskenderun's Mystic Bla  Conj/Tloc      39%          19%         4
 Fulminant Prism          Conj/Hex       16%          28%         4
 Summon Lightning Spire   Summ/Air       33%          28%         4


Dungeon Overview and Level Annotations

Branches:
Dungeon (9/15)             Temple (0/1) D:7            Lair (0/6) D:9
    Orc: D:9-12

Altars:
Makhleb
Nemelex Xobeh
Okawaru
Qazlal
Sif Muna
Uskayaw
Wu Jian
The Shining One

Shops:
D:5 :

Annotations:
D:3 Ijyb


Innate Abilities, Weirdness & Mutations

Your experience applies equally to all skills.
You have very sharp teeth.
Your uncanny sense of smell can sniff out nearby items.
You have large cloven feet.
Armour fits poorly on your strangely shaped body.
Your spells are a little harder to cast, but a little more powerful.


Message History

Aim: a two-headed ogre, wielding a +0 giant spiked club and a +0 giant club (76% to hit)
You shoot a sling bullet.
The sling bullet hits the two-headed ogre.
The two-headed ogre is lightly wounded.
Fire: 127 sling bullets
Press: ? - help, Q - select action, (/) - cycle Shift-Dir - straight line, f/p - two-headed ogre
Aim: a two-headed ogre, wielding a +0 giant spiked club and a +0 giant club (lightly wounded, 76% to hit)
You shoot a sling bullet.
The sling bullet barely misses the two-headed ogre.
Fire: 126 sling bullets
Press: ? - help, Q - select action, (/) - cycle Shift-Dir - straight line, f/p - two-headed ogre
Aim: a two-headed ogre, wielding a +0 giant spiked club and a +0 giant club (lightly wounded, 76% to hit)
You shoot a sling bullet.
The sling bullet hits the two-headed ogre!
The two-headed ogre is moderately wounded.
L - a +0 battleaxe (weapon)
The two-headed ogre hits you with a +0 giant spiked club!!
* * * LOW HITPOINT WARNING * * *
The two-headed ogre hits you with a +0 giant club!!
You die...

.........##.##.##...#
##.......####))##...###
###...#.........#.....###
####..##...#....#.......#
.#...####....##........##
...#.#####...#.......####
...#................##..#
.....##........○...((>..#
#.....#..)...8.○@O(....##
........)).....#.......#
........÷......#...#.###
.............###...###
##..........## ##..#
##..........# ####
............###
#.....⌠.......###
#......)........#


You could see a two-headed ogre.

Vanquished Creatures
  3 two-headed ogres
  Pikel (D:4)
  An ugly thing (D:6)
  A manticore (D:9)
  Maggie (D:7)
  A kobold demonologist (D:8)
  A troll (D:9)
  A yak (D:8)
  Eustachio (D:5)
  A basilisk (D:8)
  2 water moccasins (D:9)
  4 black bears
  An orc warrior (D:8)
  An ice beast (D:7)
  A sky beast (D:8)
  A necrophage (D:8)
  2 centaurs
  4 ogres
  17 big kobolds
  Blork the orc (D:5)
  5 bullfrogs
  A gnoll sergeant (D:9)
  A wyvern skeleton (D:7)
  3 scorpions
  A water moccasin skeleton (D:8)
  3 wights (D:8)
  7 killer bees
  A howler monkey (D:8)
  3 orc priests
  5 hounds
  A jelly (D:7)
  3 bullfrog zombies
  A centaur skeleton (D:4)
  7 orc wizards
  A bullfrog skeleton (D:7)
  6 worker ants
  A hound zombie (D:6)
  A hound skeleton (D:7)
  2 howler monkey zombies
  A worker ant zombie (D:6)
  Robin (D:2)
  A howler monkey skeleton (D:7)
  6 adders
  10 gnolls
  A shadow imp (D:7)
  3 white imps
  An ufetubus (D:5)
  2 oozes
  2 worms
  3 dart slugs
  4 leopard geckos
  24 orcs
  A ball python (D:5)
  5 bats
  5 giant cockroaches
  13 hobgoblins
  6 jackals
  4 quokkas
  9 frilled lizards
  11 goblins
  A jackal zombie (D:6)
  27 kobolds
  A leopard gecko skeleton (D:7)
  A leopard gecko zombie (D:5)
  A quokka zombie (D:5)
  9 rats
252 creatures vanquished.

Vanquished Creatures (collateral kills)
  2 worker ants
  An adder (D:7)
  An ufetubus (D:7)
  3 kobolds
7 creatures vanquished.

Vanquished Creatures (others)
  50 fungi (D:9)
  51 plants (D:9)
101 creatures vanquished.

Grand Total: 360 creatures vanquished

Notes
Turn   | Place    | Note
-------+----------+-------------------------------------------
     0 | D:1      | jlumianski the Gnoll Warper began the quest for the Orb.
     0 | D:1      | Reached XP level 1. HP: 20/20 MP: 6/6
   110 | D:1      | Reached XP level 2. HP: 21/26 MP: 7/7
   607 | D:1      | Reached XP level 3. HP: 27/31 MP: 9/9
   631 | D:1      | Reached skill level 5 in Spellcasting
   645 | D:1      | Learned a level 2 spell: Blink
   649 | D:1      | Learned a level 3 spell: Gell's Gravitas
  1048 | D:2      | Reached skill level 1 in Invocations
  1236 | D:2      | Reached skill level 1 in Short Blades
  1236 | D:2      | Reached skill level 1 in Long Blades
  1236 | D:2      | Reached skill level 1 in Maces & Flails
  1236 | D:2      | Reached skill level 1 in Polearms
  1236 | D:2      | Reached skill level 1 in Staves
  1236 | D:2      | Reached skill level 1 in Slings
  1236 | D:2      | Reached skill level 1 in Bows
  1236 | D:2      | Reached skill level 1 in Crossbows
  1236 | D:2      | Reached skill level 1 in Stealth
  1236 | D:2      | Reached skill level 1 in Shields
  1236 | D:2      | Reached skill level 1 in Unarmed Combat
  1236 | D:2      | Reached skill level 1 in Evocations
  1712 | D:2      | Reached XP level 4. HP: 36/38 MP: 11/11
  1804 | D:2      | Noticed Robin
  1807 | D:2      | Reached skill level 1 in Conjurations
  1807 | D:2      | Reached skill level 1 in Hexes
  1807 | D:2      | Reached skill level 1 in Summonings
  1807 | D:2      | Reached skill level 1 in Necromancy
  1807 | D:2      | Reached skill level 1 in Transmutations
  1807 | D:2      | Reached skill level 1 in Fire Magic
  1807 | D:2      | Reached skill level 1 in Ice Magic
  1807 | D:2      | Reached skill level 1 in Air Magic
  1807 | D:2      | Reached skill level 1 in Earth Magic
  1807 | D:2      | Reached skill level 1 in Poison Magic
  2031 | D:2      | Killed Robin
  2332 | D:3      | Reached XP level 5. HP: 12/43 MP: 12/12
  3135 | D:3      | Noticed Ijyb
  3532 | D:4      | Reached XP level 6. HP: 44/50 MP: 13/13
  3608 | D:4      | Found a hide-covered altar of Uskayaw.
  4008 | D:4      | Noticed Pikel
  4019 | D:4      | Killed Pikel
  4020 | D:4      | Reached skill level 5 in Fighting
  4020 | D:4      | Reached skill level 5 in Axes
  4020 | D:4      | Reached skill level 5 in Dodging
  4020 | D:4      | Reached XP level 7. HP: 40/56 MP: 5/15
  4414 | D:5      | Entered Level 5 of the Dungeon
  4449 | D:5      | Found Mageeqih's Book Emporium.
  4763 | D:5      | Reached XP level 8. HP: 61/63 MP: 16/16
  5542 | D:6      | Noticed Eustachio
  5558 | D:5      | Killed Eustachio
  5559 | D:5      | Reached skill level 6 in Spellcasting
  5701 | D:6      | Got an ancient falchion
  5714 | D:6      | Noticed a red ugly thing
  5718 | D:6      | Noticed Blork the orc
  5729 | D:5      | Gained mutation: Your spells are a little harder to cast,
                  | but a little more powerful. [potion of mutation]
  5729 | D:5      | Gained mutation: Armour fits poorly on your strangely
                  | shaped body. [potion of mutation]
  5729 | D:5      | Gained mutation: You have large cloven feet. [potion of
                  | mutation]
  5784 | D:5      | Killed Blork the orc
  6099 | D:6      | Killed a red ugly thing
  6100 | D:6      | Reached XP level 9. HP: 29/69 MP: 15/18
  6413 | D:6      | Learned a level 2 spell: Call Imp
  6595 | D:6      | Identified the cursed +1 falchion of Inference {vorpal,
                  | *Contam rPois Dex+9} (You found it on level 6 of the
                  | Dungeon)
  6664 | D:6      | Found a shimmering blue altar of Sif Muna.
  6667 | D:6      | Found an iron altar of Okawaru.
  6675 | D:6      | Found a stormy altar of Qazlal.
  6679 | D:6      | Became a worshipper of Qazlal Stormbringer
  6894 | D:7      | Identified the Compendium of Flight
  7047 | D:7      | Noticed Maggie
  7066 | D:7      | Killed Maggie
  7067 | D:7      | Reached skill level 5 in Throwing
  7067 | D:7      | Reached skill level 5 in Armour
  7322 | D:7      | Noticed a two-headed ogre
  7322 | D:7      | Noticed a two-headed ogre
  7674 | D:5      | Killed a two-headed ogre
  7675 | D:5      | Reached skill level 7 in Spellcasting
  7675 | D:5      | Reached skill level 5 in Invocations
  7938 | D:7      | Reached XP level 10. HP: 69/77 MP: 20/20
  7952 | D:7      | Killed a two-headed ogre
  7953 | D:7      | Reached skill level 5 in Short Blades
  7953 | D:7      | Reached skill level 5 in Long Blades
  7953 | D:7      | Reached skill level 5 in Maces & Flails
  7953 | D:7      | Reached skill level 5 in Polearms
  7953 | D:7      | Reached skill level 5 in Staves
  7953 | D:7      | Reached skill level 5 in Slings
  7953 | D:7      | Reached skill level 5 in Bows
  7953 | D:7      | Reached skill level 5 in Crossbows
  7953 | D:7      | Reached skill level 5 in Stealth
  7953 | D:7      | Reached skill level 5 in Shields
  7953 | D:7      | Reached skill level 5 in Unarmed Combat
  7953 | D:7      | Reached skill level 5 in Evocations
  8451 | D:7      | Reached * piety under Qazlal
  8521 | D:7      | Found an ornate altar of the Wu Jian Council.
  8621 | D:7      | Found a staircase to the Ecumenical Temple.
  8778 | D:7      | Found a sparkling altar of Nemelex Xobeh.
  9184 | D:8      | Reached ** piety under Qazlal
  9998 | D:8      | Noticed a kobold demonologist
 10002 | D:8      | Noticed a sun demon
 10019 | D:8      | Killed a kobold demonologist
 10282 | D:8      | Reached XP level 11. HP: 74/84 MP: 22/22
 10282 | D:8      | Reached *** piety under Qazlal
 10937 | D:8      | Reached skill level 5 in Conjurations
 10937 | D:8      | Reached skill level 5 in Hexes
 10937 | D:8      | Reached skill level 5 in Summonings
 10937 | D:8      | Reached skill level 5 in Necromancy
 10937 | D:8      | Reached skill level 5 in Transmutations
 10937 | D:8      | Reached skill level 5 in Fire Magic
 10937 | D:8      | Reached skill level 5 in Ice Magic
 10937 | D:8      | Reached skill level 5 in Air Magic
 10937 | D:8      | Reached skill level 5 in Earth Magic
 10937 | D:8      | Reached skill level 5 in Poison Magic
 11271 | D:9      | Found a staircase to the Lair.
 11409 | D:9      | Reached skill level 8 in Spellcasting
 11543 | D:9      | Noticed a manticore
 11547 | D:9      | Killed a manticore
 11551 | D:9      | Noticed a two-headed ogre
 11554 | D:9      | Killed a two-headed ogre
 11761 | D:9      | Noticed a two-headed ogre
 12140 | D:9      | Found a glowing golden altar of the Shining One.
 12147 | D:9      | Found a burning altar of Makhleb.
 12208 | D:8      | Mangled by a two-headed ogre

Illustrated notes

Levels and vault maps discovered:
D:1:      lightli_arrival_farm, layout_basic
D:2:      layout_rooms, minmay_tiny_reverse_x, uniq_robin
D:3:      minmay_evil_eye, layout_basic, uniq_crazy_yiuf_cottage, uniq_ijyb
D:4:      layout_gridville, eat_drink_and_be_merry_uskayaw, uniq_pikel
D:5:      layout_loops_corners, serial_shops, nicolae_shop_crystal
D:6:      layout_rooms, grunt_temple_overflow_diamond, uniq_eustachio,
          uniq_blork_the_orc
D:7:      minmay_the_grid_plus_closed [minmay_the_grid_stretched_grid,
          minmay_the_grid_odd_star, minmay_the_grid_plusring,
          minmay_the_grid_rooms, minmay_the_grid_prize_inner_circle],
          layout_basic, nicolae_overflow_hidden_temple,
          pdpol_wu_jian_five_deadly_venoms, temple_green, uniq_maggie
D:8:      layout_cave_pools, serial_column_ruins, column_ruins_open_large,
          column_ruins_open_medium, column_ruins_grid_1, column_ruins_open_tiny,
          column_ruins_open_tiny, special_room [special_room_kobold]
D:9:      layout_basic, gammafunk_temple_overflow_elements,
          due_lair_maze_entry_diamond, nzn_life_drinkers

Skill      XL: |  1  2  3  4  5  6  7  8  9 10 11 |
---------------+----------------------------------+-----
Spellcasting   | 5 6 7 8 |  8.1
Invocations    | 1 2 3 4 5 6 |  6.9
Short Blades   | 1 2 3 4 5 6 |  6.3
Long Blades    | 1 2 3 4 5 6 |  6.3
Maces & Flails | 1 2 3 4 5 6 |  6.3
Polearms       | 1 2 3 4 5 6 |  6.3
Staves         | 1 2 3 4 5 6 |  6.3
Slings         | 1 2 3 4 5 6 |  6.3
Bows           | 1 2 3 4 5 6 |  6.3
Crossbows      | 1 2 3 4 5 6 |  6.3
Stealth        | 1 2 3 4 5 6 |  6.3
Shields        | 1 2 3 4 5 6 |  6.3
Unarmed Combat | 1 2 3 4 5 6 |  6.3
Evocations     | 1 2 3 4 5 6 |  6.3
Conjurations   | 1 2 3 4 5 |  5.2
Hexes          | 1 2 3 4 5 |  5.2
Summonings     | 1 2 3 4 5 |  5.2
Necromancy     | 1 2 3 4 5 |  5.2
Transmutations | 1 2 3 4 5 |  5.2
Fire Magic     | 1 2 3 4 5 |  5.2
Ice Magic      | 1 2 3 4 5 |  5.2
Air Magic      | 1 2 3 4 5 |  5.2
Earth Magic    | 1 2 3 4 5 |  5.2
Poison Magic   | 1 2 3 4 5 |  5.2
Throwing       | 3 4 5 6 |  6.8
Armour         | 3 4 5 6 |  6.8
Fighting       | 5 6 7 |  7.9
Axes           | 5 6 7 |  7.9
Dodging        | 5 6 7 |  7.9
Translocations | 6 7 |  7.6

Action                   |  1- 3 |  4- 6 |  7- 9 | 10-12 || total
-------------------------+-------+-------+-------+-------++-------
Melee: Hand axe          |   139 |    28 |       |       ||   167
       Bite              |     8 |    12 |    23 |    27 ||    70
       Punch             |     1 |       |     2 |       ||     3
       Dagger            |       |    93 |    59 |       ||   152
       Whip              |       |       |     4 |       ||     4
       Battleaxe         |       |       |   161 |   327 ||   488
       Kick              |       |       |    32 |    91 ||   123
 Fire: Fustibalus        |       |       |       |     3 ||     3
Throw: Boomerang         |     7 |     3 |     6 |     9 ||    25
       Dart              |       |       |    19 |     4 ||    23
 Cast: Gell's Gravitas   |       |     6 |    12 |    20 ||    38
       Blink             |       |     2 |    12 |     4 ||    18
       Call Imp          |       |       |     7 |     8 ||    15
Evoke: Wand              |       |       |     5 |     1 ||     6
  Use: Potion            |     1 |     4 |     6 |     1 ||    12
       Scroll            |       |     6 |    11 |     3 ||    20
 Stab: Sleeping          |     1 |       |     6 |       ||     7
       Distracted        |       |       |     2 |     1 ||     3
Armor: Leather armour    |    27 |    29 |    93 |    10 ||   159
       Ring mail         |       |       |       |   146 ||   146
Dodge: Dodged            |    92 |    80 |   213 |   374 ||   759
Block: Other             |       |       |       |    69 ||    69
